 Dungeon Crawl Stone Soup version 0.29-a0-1009-g60c99734e7 (webtiles) character file.

Game seed: 3215108544477576818

60 leavemydog the Conjurer (level 3, -4/19 HPs)
             Began as a Deep Elf Conjurer on Aug 8, 2022.
             Slain by an iguana (12 damage)
             ... on level 2 of the Dungeon.
             The game lasted 00:02:21 (1508 turns).

leavemydog the Conjurer (Deep Elf Conjurer)         Turns: 1508, Time: 00:02:21

Health: -4/19      AC:  2    Str:  4    XL:     3   Next: 80%
Magic:  4/10       EV: 12    Int: 24    God:
Gold:   64         SH:  0    Dex: 13    Spells: 6/9 levels left

rFire   . . .      SeeInvis .   d - +2 dagger (freeze)
rCold   . . .      Faith    .   (no shield)
rNeg    . . .      Spirit   .   a - +0 robe
rPois   .          Reflect  .   (no helmet)
rElec   .          Harm     .   (no cloak)
rCorr   .          Rampage  .   (no gloves)
Will    .....                   (no boots)
Stlth   ++........              (no amulet)
HPRegen 0.06/turn               (no ring)
MPRegen 0.12/turn               (no ring)

@: no status effects
A: no striking features
a: no special abilities


You were on level 2 of the Dungeon.
You visited 1 branch of the dungeon, and saw 2 of its levels.

You collected 64 gold pieces.

Inventory:

Hand Weapons
 d - a +2 dagger of freezing (weapon)
Armour
 a - a +0 robe (worn)
Scrolls
 e - a scroll of poison {unknown}
 f - a scroll of blinking {unknown}
 i - a scroll of identify {unknown}
 j - a scroll of amnesia {unknown}
 k - a scroll of torment {unknown}
 l - a scroll of fog {unknown}
Potions
 b - a potion of magic
 c - 2 potions of curing
 g - 2 potions of mutation {unknown}
 h - a potion of flight {unknown}
 m - 2 potions of haste {unknown}
 n - a potion of heal wounds {unknown}
 o - a potion of brilliance {unknown}


   Skills:
 - Level 2.4 Dodging
 - Level 2.4 Stealth
 + Level 3.6 Spellcasting
 + Level 5.8 Conjurations


You had 6 spell levels left.
You knew the following spells:

 Your Spells              Type           Power      Damage    Failure   Level
a - Magic Dart            Conj           100%       1d8       1%          1
b - Searing Ray           Conj           64%        2d6       1%          2

Your spell library contained the following spells:

 Spells                   Type           Power      Damage    Failure   Level
 Dazzling Flash           Conj/Hex       36%        N/A       10%         3
 Fulminant Prism          Conj/Hex       9%         3d7       30%         4
 Iskenderun's Mystic Bla  Conj/Tloc      18%        2d6       30%         4


Dungeon Overview and Level Annotations

Branches:
Dungeon (2/15)

Altars:

Shops:
D:1 ?:=


Message History

The adder is severely wounded.
The magic dart hits the adder.
The adder is almost dead.
The magic dart hits the adder!
You kill the adder!
You start resting.
Magic restored.
There is a large open door here.
o - a metallic golden potion You can't see any susceptible monsters within range! (Use Z to cast anyway.)
A giant cockroach and an iguana come into view.
Found a stone staircase leading up.
There are monsters nearby!
The magic dart hits the giant cockroach.
The giant cockroach is almost dead.
The iguana hisses angrily.
The giant cockroach closely misses you.
The magic dart hits the giant cockroach.
You kill the giant cockroach!
The magic dart hits the iguana.
The iguana is moderately wounded.
The iguana barely misses you.
The magic dart hits the iguana but does no damage.
The iguana is moderately wounded.
The iguana barely misses you.
The magic dart hits the iguana but does no damage.
The iguana is moderately wounded.
The iguana bites you.
The magic dart hits the iguana.
The iguana is moderately wounded.
The iguana bites you.
The magic dart hits the iguana.
The iguana is moderately wounded.
The iguana bites you!
Ouch! That really hurt!
* * * LOW HITPOINT WARNING * * *
You are too injured to fight recklessly!
It was a potion of curing.
You feel better. The iguana bites you!
Ouch! That really hurt!
You die...

### ....... .<.. #####
...... #...##.$.## ..
...... #..#..8..#...
....# #............
....#########..†.l......
...........## #@# #
...#......<##.##.##.#
...........##.......#
...........#####.####
...........# ##.####
...#.......# #.....#
####.......# #..##.# #
#.......## #..##.#
###.#####.# #...#.#


You could see an iguana.

Vanquished Creatures
  2 adders (D:2)
  3 dart slugs
  3 bats
  4 endoplasms
  2 giant cockroaches
  5 goblins
  A hobgoblin (D:1)
  6 ball pythons
  A frilled lizard (D:1)
  2 kobolds (D:1)
  5 rats (D:1)
34 creatures vanquished.

Notes
Turn   | Place    | Note
-------+----------+-------------------------------------------
     0 | D:1      | leavemydog the Deep Elf Conjurer began the quest for the
                  | Orb.
     0 | D:1      | Reached XP level 1. HP: 10/10 MP: 6/6
   255 | D:1      | Reached XP level 2. HP: 15/15 MP: 5/8
   273 | D:1      | Reached skill level 5 in Conjurations
   361 | D:1      | Found Tirch's Magic Scroll Emporium.
   619 | D:1      | Found Cozyrgh's Book Shoppe.
   709 | D:1      | Found Lonifuq's Jewellery Shoppe.
   833 | D:1      | Reached XP level 3. HP: 19/19 MP: 7/9
   977 | D:1      | Learned a level 2 spell: Searing Ray
  1340 | D:2      | Found a faded altar of an unknown god.
  1508 | D:2      | Slain by an iguana

Illustrated notes

Levels and vault maps discovered:
D:1:      lemuel_arrival_room, layout_loops_ring, serial_shops, shop,
          nicolae_square_shop, shop_statue, amcnicky_mini_rare_corridor_liquid
D:2:      layout_loops_cross, hellmonk_ecumenical_altar_inner_sanctum,
          st_stairs_10, minmay_misc_feat_alley, mrwooster_statue_mirror,
          kennysheep_generic_room_15

Skill      XL: |  1  2 |
---------------+-------+-----
Conjurations   | 5 |  5.8
Dodging        | |  2.4
Stealth        | |  2.4
Spellcasting   | |  3.6

Action                   || total
-------------------------++-------
Melee: Dagger            ||     3
 Cast: Magic Dart        ||    73
  Use: Potion            ||     1
Dodge: Dodged            ||     7

Table legend: (Time is in decaauts)
 A = Elapsed time spent in this place.
 B = Non-inter-level travel time spent in this place.
 C = Inter-level travel time spent in this place.
 D = Time resting spent in this place.
 E = Time spent auto-exploring this place.
 F = Levels seen in this place.
 G = Mean time per level.
                   A        B        C        D        E       F      G
               +--------+--------+--------+--------+--------+-----+--------+
         Total |   1507 |   1478 |     29 |    291 |   1044 |   2 |  753.5 |
       Dungeon |   1507 |   1478 |     29 |    291 |   1044 |   2 |  753.5 |
               +--------+--------+--------+--------+--------+-----+--------+

Top non-repeatable levels by time:
     D:1: 1005 daAuts
     D:2: 501 daAuts
